 Dungeon Crawl Stone Soup version 0.16-a0-4112-g89a4107 (webtiles) character file.

165 Kaesh the Cudgeler (level 5, 0/55 HPs)
             Began as an Ogre Berserker on Feb 27, 2015.
             Was a Believer of Trog.
             Succumbed to an adder's poison
             ... on level 2 of the Dungeon.
             The game lasted 00:09:59 (2148 turns).

Kaesh the Cudgeler (Ogre Berserker)                 Turns: 2148, Time: 00:09:59

Health: 0/55       AC:  3    Str: 23      XL:     5   Next: 46%
Magic:  5/5        EV: 10    Int:  4 (6)  God:    Trog [**....]
Gold:   72         SH:  0    Dex:  9      Spells: 0 memorised, 4 levels left

rFire  . . .     SeeInvis .     a - +0 mace
rCold  . . .     Clarity  .     b - +0 animal skin
rNeg   . . .     SustAb   .     (shield restricted)
rPois  .         Gourm    .     (helmet restricted)
rElec  .         Spirit   .     (no cloak)
rCorr  .         Warding  .     (gloves unavailable)
rMut   .         Stasis   .     (boots unavailable)
MR     .....                    (no amulet)
Stlth  +.........               (no ring)
                                s - ring of teleport control

@: lethally poisoned (0 -> -5), exhausted, slowed, very slow, not resistant to
hostile enchantments, very unstealthy
A: unfitting armour, tough skin 1
a: Burn Spellbooks, Berserk, Trog's Hand, Renounce Religion, Evoke Teleport
Control


You were on level 2 of the Dungeon.
You worshipped Trog.
Trog was pleased with you.
You were hungry.

You visited 1 branch of the dungeon, and saw 2 of its levels.

You collected 72 gold pieces.

Inventory:

Hand weapons
 a - a +0 mace (weapon)
Armour
 b - a +0 animal skin (worn)
 r - a -2 robe
Jewellery
 s - a ring of teleport control (left hand)
Magical devices
 q - a wand of magic darts (29)
Scrolls
 d - a scroll of remove curse
 g - a scroll of fear {unknown}
 j - a scroll of random uselessness {unknown}
 k - 2 scrolls of identify {unknown}
 n - a scroll of noise {unknown}
 o - a scroll of teleportation {unknown}
 p - a scroll of magic mapping {unknown}
Potions
 e - 2 potions of restore abilities
 h - a potion of flight {unknown}
 i - a potion of haste {unknown}
 m - a potion of cancellation {unknown}
Comestibles
 c - 2 meat rations
 l - a bread ration


   Skills:
 + Level 4.8 Fighting
 + Level 5.3 Maces & Flails
 + Level 1.6 Armour
 + Level 3.8 Dodging
 + Level 0.3 Stealth


You had 4 spell levels left.
You didn't know any spells.

Dungeon Overview and Level Annotations

Branches:
Dungeon (2/15)

Altars:


Innate Abilities, Weirdness & Mutations

You are too large for most types of armour.
You have tough skin (AC +1).


Message History

You feel sick.
* * * LOW HITPOINT WARNING * * *
You feel sick.
You feel a strong urge to attack something.
There is a lethal amount of poison in your body!
You are too berserk!
* * * LOW HITPOINT WARNING * * *
You feel sick.
You feel your anger subside.
You are no longer berserk.
You are exhausted.
You feel yourself slow down.
You are feeling hungry.
It was a potion of restore abilities.
You feel refreshed.
* * * LOW HITPOINT WARNING * * *
You feel sick.
It was a potion of degeneration.
There was something very wrong with that liquid.
You feel dopey.
You die...

#......#.#..........#
####......#.##........#
#...........###########
#.###########
#.#############
#.##>.........#
#...........#.#
#...........#.#
#...........#@#
#....<..#..##.##########
#.......#..##...........#
####....####..####.........#
........#........#..†......#
.####...########.#.........
.# #...#...##...#.........
.# #...###.##.###........)
.# ######...##...#........


There were no monsters in sight!

Vanquished Creatures
  Sigmund (D:2)
  4 adders (D:2)
  A worm (D:2)
  2 giant geckos (D:1)
  2 giant cockroaches
  5 hobgoblins
  7 jackals
  A quokka (D:2)
  A ball python (D:1)
  6 bats
  3 giant newts
  9 goblins
  5 kobolds
  7 rats
54 creatures vanquished.

Notes
Turn   | Place    | Note
--------------------------------------------------------------
     0 | D:1      | Kaesh, the Ogre Berserker, began the quest for the Orb.
     0 | D:1      | Reached XP level 1. HP: 24/24 MP: 1/1
   337 | D:1      | Reached XP level 2. HP: 32/32 MP: 2/2
   745 | D:1      | Acquired Trog's second power
   787 | D:1      | Reached XP level 3. HP: 40/40 MP: 3/3
  1368 | D:2      | Noticed Sigmund
  1378 | D:2      | Killed Sigmund
  1378 | D:2      | Reached XP level 4. HP: 21/49 MP: 4/4
  1586 | D:2      | Reached skill level 5 in Maces & Flails
  1641 | D:2      | Reached XP level 5. HP: 55/55 MP: 5/5
  2143 | D:2      | HP: 4/82 [poisoned by an adder]
  2147 | D:2      | HP: 1/55 [poisoned by an adder]
  2148 | D:2      | Succumbed to an adder's poison

Action                   |  1- 3 |  4- 6 || total
-------------------------+-------+-------++-------
Melee: Mace              |   126 |    82 ||   208
Invok: Berserk           |     2 |     1 ||     3
  Use: Scroll            |       |     1 ||     1
       Potion            |       |     2 ||     2
  Eat: Chunk             |     1 |     1 ||     2
       Bread ration      |     1 |       ||     1
